 Dungeon Crawl Stone Soup version 0.20-a0-971-g5896763 (webtiles) character file.

26007 Ccob the Bludgeoner (level 12, -3/172 HPs)
             Began as a Minotaur Berserker on Apr 8, 2017.
             Was a High Priest of Trog.
             Slain by Aizul (9 damage)
             ... on level 1 of the Snake Pit.
             The game lasted 01:33:20 (13659 turns).

Ccob the Bludgeoner (Minotaur Berserker)           Turns: 13659, Time: 01:33:20

Health: -3/172     AC: 26    Str: 22    XL:     12   Next: 94%
Magic:  11/11      EV:  2    Int:  8    God:    Trog [*****.]
Gold:   744        SH:  0    Dex: 19    Spells: 11/11 levels left

rFire    . . .     SeeInvis .   c - +2 dire flail (crush)
rCold    + + .     Gourm    .   (shield currently unavailable)
rNeg     + + +     Faith    .   (armour currently unavailable)
rPois    +         Spirit   .   (helmet currently unavailable)
rElec    .         Reflect  +   (cloak currently unavailable)
rCorr    .         Harm     .   (gloves currently unavailable)
MR       .....     NoTele   +   (boots currently unavailable)
Stlth    +.........             Q - +6 amulet of reflection
Regen    0.4/turn               W - ring "Kemod" {rPois rC++ Int+4}
MPRegen  0.2/turn               a - +4 ring of dexterity

@: confused, lethally poisoned (-3 -> -12), exhausted, tree-form, slowed, very
slow
A: (retaliatory headbutt), (horns 0)
a: Berserk, Trog's Hand, Brothers in Arms, Burn Spellbooks, Renounce Religion


You were on level 1 of the Snake Pit.
You worshipped Trog.
Trog was extremely pleased with you.
You were not hungry.
You were a tree.
You visited 3 branches of the dungeon, and saw 14 of its levels.
You also visited: Sewer.

You collected 744 gold pieces.

Inventory:

Hand Weapons
 c - a +2 dire flail of crushing (weapon)
 q - a +1 hand axe of flaming
Missiles
 X - 5 tomahawks of returning (quivered)
Armour
 m - a scarf of cold resistance (melded)
 p - a +1 pair of gloves (melded)
 U - a +4 plate armour of cold resistance (melded)
Jewellery
 a - a +4 ring of dexterity (right branch)
 n - the amulet "Kuumujeu" {Harm *Drain +Blink rElec rF- Dex+6, unknown}
   (You found it on level 1 of the Snake Pit)

   [amulet of harm]

   It increases damage dealt and taken.
   It affects your dexterity (+6).
   It makes you vulnerable to fire.
   It insulates you from electricity.
   It lets you blink.
   It causes draining when unequipped.
 G - an uncursed ring of protection from fire
 J - a +3 ring of protection
 Q - a +6 amulet of reflection (around neck)
 W - the ring "Kemod" (left branch) {rPois rC++ Int+4}
   (You found it on level 8 of the Dungeon)

   [ring of poison resistance]

   It affects your intelligence (+4).
   It greatly protects you from cold.
   It protects you from poison.
Wands
 F - a wand of disintegration (8/24)
 H - a wand of confusion (33/48)
 L - a wand of polymorph (11/24)
 O - a wand of flame (17/48)
Scrolls
 i - a scroll of identify
 s - 5 scrolls of teleportation
 t - a scroll of noise {unknown}
 u - 2 scrolls of blinking {unknown}
 v - 2 scrolls of fear
 y - 3 scrolls of enchant weapon
 A - a scroll of recharging {unknown}
 R - 4 scrolls of remove curse
Potions
 e - a potion of flight
 g - 4 potions of haste
 h - a potion of might
 l - 2 potions of mutation
 o - 3 potions of lignification
 w - 2 potions of brilliance {unknown}
 D - 2 potions of cancellation {unknown}
 I - a potion of invisibility {unknown}
Miscellaneous
 C - a box of beasts
 P - a sack of spiders
Comestibles
 b - 7 meat rations
 k - 5 bread rations
 x - 9 royal jellies
 z - 16 fruits


   Skills:
 * Level 13.6 Fighting
 - Level 2.7(10.9) Axes
 * Level 15.7(15.8) Maces & Flails
 * Level 14.1 Armour
 * Level 4.6 Dodging
 + Level 1.2 Stealth
 + Level 0.5 Evocations


You had 11 spell levels left.
You didn't know any spells.

Dungeon Overview and Level Annotations

Branches:
Dungeon (10/15)            Temple (0/1) D:6            Lair (3/6) D:10
  Snake (1/4) Lair:3          Orc (0/2) D:9
  Swamp: Lair:2-4    Shoals: Lair:2-4

Altars:
Cheibriados
Dithmenos
Elyvilon
Fedhas
Kikubaaqudgha
Ru
Sif Muna
Trog
Uskayaw
Wu Jian
Xom
Yredelemnul
The Shining One

Shops:
D:9 =

Annotations:
D:8 2 runed doors, Maurice
Snake:1 Aizul


Innate Abilities, Weirdness & Mutations

((You reflexively headbutt those who attack you in melee.))
((You have a pair of horns on your head.))


Message History

Aizul hits you.
* * * LOW HITPOINT WARNING * * *
The naga sharpshooter spits poison at you.
The splash of poison hits you! You resist.
You miss Aizul.
Aizul is heavily wounded.
You feel sick.
Aizul says, "I wasn't actually sleeping!"
Aizul hits you.
* * * LOW HITPOINT WARNING * * *
You nearly hit yourself!
You are no longer berserk.
You are exhausted.
You feel yourself slow down.
You feel sick.
The naga sharpshooter shoots an arrow.
The arrow hits you!
* * * LOW HITPOINT WARNING * * *
You nearly hit yourself!
* * * LOW HITPOINT WARNING * * *
You feel sick. Aizul hits you!
You die...

#(.#...... #######
###(........ ##...).#
#............#.......
#................<...
####..#.......♣.....♣
#N.#.............. #NN#
........♣.♣.. #SN#
.....#...... #♣.#
....##..)## #..#
.......##.## #..#
........#.# #..#
.....#.#.### ##...#..#
###...#.#.... ##...
#..###.....#......
#....##..##......#......
##... #...##.............
#....##...#.(.........>..


You could see Aizul (inner flame), 3 naga sharpshooters and a naga.

Vanquished Creatures
  An ogre mage (D:8)
  A fire dragon (D:8)
  Harold (D:10)
  Erolcha (D:9)
  2 hydras
  3 naga warriors (Snake:1)
  2 anacondas (Snake:1)
  Urug (D:10)
  A shock serpent (Snake:1)
  Pikel (D:7)
  A necromancer (D:8)
  A mana viper (Snake:1)
  3 cyclopes
  4 black mambas
  A naga mage (Snake:1)
  2 torpor snails (Lair:3)
  6 spiny frogs
  4 komodo dragons
  A troll (D:10)
  3 hippogriffs
  A shadow (D:8)
  8 yaks
  A spriggan (D:10)
  A wyvern (Lair:3)
  2 hungry ghosts (D:10)
  A vampire mosquito (D:8)
  Grum (D:8)
  Menkaure (D:7)
  4 nagas (Snake:1)
  3 water moccasins
  Duvessa (D:4)
  11 porcupines
  2 orc warriors (D:6)
  2 sky beasts (D:9)
  3 ogres
  2 phantoms
  A necrophage (D:10)
  5 ice beasts
  A centaur (D:6)
  6 wolves
  7 crocodiles
  A big kobold (D:7)
  11 bullfrogs
  A gnoll sergeant (D:8)
  Dowan (D:4)
  A wyvern skeleton (D:10)
  A scorpion (D:9)
  3 wights (D:9)
  A howler monkey (D:9)
  2 electric eels
  A bullfrog zombie (D:10)
  2 crimson imps
  5 jellies
  2 bullfrog skeletons
  5 hounds
  6 orc priests
  9 orc wizards
  2 worker ants
  A bullfrog simulacrum (D:8)
  A hound skeleton (D:10)
  7 gnolls
  11 river rats
  8 adders
  A shadow imp (D:8)
  2 oozes
  An adder skeleton (D:9)
  2 dart slugs
  5 leopard geckos
  25 orcs
  4 giant cockroaches
  6 goblins
  5 hobgoblins
  11 jackals
  A quokka (D:5)
  2 ball pythons (Sewer)
  7 bats
  11 frilled lizards
  8 kobolds
  17 rats
294 creatures vanquished.

Vanquished Creatures (collateral kills)
  An orc warrior (D:8)
  An orc priest (D:8)
  An orc (D:8)
3 creatures vanquished.

Vanquished Creatures (others)
  3 slaves (D:7)
  A bullfrog (D:7)
  A kobold (D:7)
5 creatures vanquished.

Grand Total: 302 creatures vanquished

Notes
Turn   | Place    | Note
-------+----------+-------------------------------------------
     0 | D:1      | Ccob the Minotaur Berserker began the quest for the Orb.
     0 | D:1      | Reached XP level 1. HP: 19/19 MP: 0/0
    82 | D:1      | Reached skill level 4 in Maces & Flails
    99 | D:1      | Reached XP level 2. HP: 18/27 MP: 1/1
   380 | D:1      | Reached XP level 3. HP: 33/33 MP: 2/2
   770 | D:2      | Reached ** piety under Trog
  1108 | D:2      | Found a basalt altar of Yredelemnul.
  1118 | D:2      | Reached XP level 4. HP: 38/41 MP: 3/3
  1479 | D:3      | Reached skill level 5 in Maces & Flails
  1799 | D:3      | Found a bloodstained altar of Trog.
  1799 | D:3      | Found an ornate altar of the Wu Jian Council.
  1807 | D:3      | Found a shadowy altar of Dithmenos.
  1815 | D:3      | Found a shimmering altar of Xom.
  1817 | D:3      | Found a white marble altar of Elyvilon.
  1874 | D:3      | Reached XP level 5. HP: 30/47 MP: 4/4
  2375 | D:4      | Found a glowing drain.
  2390 | D:4      | Reached skill level 5 in Fighting
  2406 | Sewer    | Entered a sewer
  2434 | Sewer    | Reached *** piety under Trog
  3216 | D:4      | Noticed Duvessa
  3216 | D:4      | Noticed Dowan
  3225 | D:4      | Killed Duvessa
  3225 | D:4      | Reached skill level 1 in Axes
  3225 | D:4      | Reached skill level 6 in Maces & Flails
  3225 | D:4      | Reached XP level 6. HP: 53/56 MP: 5/5
  3227 | D:4      | Killed Dowan
  3331 | D:5      | Entered Level 5 of the Dungeon
  3444 | D:5      | Found a shimmering altar of Xom.
  3671 | D:5      | Reached XP level 7. HP: 38/62 MP: 6/6
  3988 | D:6      | Found a hide-covered altar of Uskayaw.
  3989 | D:6      | Noticed a dagger
  3990 | D:6      | Noticed a dagger
  4124 | D:6      | Reached skill level 5 in Armour
  4203 | D:6      | Found a staircase to the Ecumenical Temple.
  4423 | D:6      | Reached XP level 8. HP: 40/71 MP: 7/7
  4469 | D:6      | Found a glowing golden altar of the Shining One.
  4472 | D:6      | Reached skill level 7 in Maces & Flails
  4539 | D:6      | Found a sacrificial altar of Ru.
  4875 | D:7      | Reached **** piety under Trog
  4911 | D:7      | Noticed a hippogriff
  4924 | D:7      | Killed a hippogriff
  4926 | D:7      | Noticed Menkaure
  4929 | D:7      | Killed Menkaure
  5033 | D:7      | Noticed Pikel
  5039 | D:7      | Killed Pikel
  5039 | D:7      | Reached skill level 8 in Maces & Flails
  5212 | D:7      | Reached XP level 9. HP: 70/81 MP: 8/8
  5373 | D:7      | Found a sacrificial altar of Ru.
  5517 | D:7      | Found a deep blue altar of Sif Muna.
  5566 | D:7      | Reached skill level 1 in Stealth
  5739 | D:7      | Reached skill level 9 in Maces & Flails
  5901 | D:8      | Found a runed door.
  5902 | D:8      | Noticed a wolf spider
  5903 | D:8      | Noticed a brown very ugly thing
  5913 | D:8      | Noticed Grum
  5922 | D:8      | Killed Grum
  6005 | D:8      | You fall through a shaft!
  6071 | D:9      | Found a staircase to the Orcish Mines.
  6295 | D:8      | Reached skill level 10 in Maces & Flails
  6360 | D:8      | Noticed Maurice
  6381 | D:8      | Found a blossoming altar of Fedhas.
  6420 | D:8      | Noticed a fire dragon
  6420 | D:8      | Noticed a cyclops
  6423 | D:8      | Noticed an ogre mage
  6423 | D:8      | Noticed a cyclops
  6462 | D:8      | Noticed a necromancer
  6498 | D:8      | Found a runed door.
  6615 | D:8      | Got a crude marble ring
  6642 | D:8      | Reached ***** piety under Trog
  6694 | D:8      | Reached skill level 10 in Armour
  6714 | D:8      | Killed a cyclops
  6714 | D:8      | Reached XP level 10. HP: 69/91 MP: 9/9
  6720 | D:8      | Killed a necromancer
  6720 | D:8      | Reached skill level 11 in Maces & Flails
  6730 | D:8      | Killed a cyclops
  6741 | D:8      | Killed a fire dragon
  6741 | D:8      | Reached skill level 12 in Maces & Flails
  6759 | D:8      | Got a clouded copper amulet
  6846 | D:8      | Killed an ogre mage
  6846 | D:8      | Reached skill level 10 in Fighting
  7204 | D:8      | Got a clouded bronze ring
  7220 | D:8      | Got a scintillating copper amulet
  7433 | D:9      | Found a snail-covered altar of Cheibriados.
  7469 | D:9      | Found Qawkeluhupp's Jewellery Shoppe.
  7520 | D:9      | Noticed Erolcha
  7522 | D:9      | Noticed a cyclops
  7529 | D:9      | Killed Erolcha
  7529 | D:9      | Reached skill level 13 in Maces & Flails
  7539 | D:9      | Killed a cyclops
  7539 | D:9      | Reached XP level 11. HP: 42/101 MP: 10/10
  7588 | D:9      | Upgraded the game from 0.20-a0-967-g62cfa5d to 0.20-a0-971-g5896763
  7618 | D:9      | Identified the ring "Kemod" {rPois rC++ Int+4} (You found it on level 8 of the Dungeon)
  7919 | D:9      | Found an ancient bone altar of Kikubaaqudgha.
  8088 | D:10     | Entered Level 10 of the Dungeon
  8172 | D:10     | Noticed Harold
  8189 | D:10     | Killed Harold
  8700 | D:10     | Found a staircase to the Lair.
  8835 | D:10     | Reached skill level 14 in Maces & Flails
  8913 | D:10     | Noticed Urug
  8928 | D:10     | Killed Urug
  9489 | Lair:1   | Entered Level 1 of the Lair of Beasts
 10487 | Lair:2   | Received a gift from Trog
 10732 | Lair:2   | Reached XP level 12. HP: 44/112 MP: 11/11
 10754 | Lair:2   | Noticed a five-headed hydra
 10765 | Lair:2   | Killed a five-headed hydra
 11155 | Lair:2   | Reached skill level 15 in Maces & Flails
 11591 | Lair:3   | Identified a scroll of acquirement
 11624 | Lair:3   | Found a staircase to the Snake Pit.
 11658 | Lair:3   | Found a snail-covered altar of Cheibriados.
 11670 | Lair:3   | Noticed a five-headed hydra
 11681 | Lair:3   | Killed a five-headed hydra
 12251 | Snake:1  | Entered Level 1 of the Snake Pit
 12251 | Snake:1  | Noticed a naga warrior
 12255 | Snake:1  | Noticed an anaconda
 12259 | Snake:1  | Killed a naga warrior
 12269 | Snake:1  | Killed an anaconda
 12506 | Snake:1  | Noticed an anaconda
 12521 | Snake:1  | Killed an anaconda
 13008 | Snake:1  | Noticed a naga warrior
 13024 | Snake:1  | Killed a naga warrior
 13027 | Snake:1  | Got a steaming ruby amulet
 13047 | Snake:1  | Noticed a naga warrior
 13076 | Snake:1  | Killed a naga warrior
 13617 | Snake:1  | Noticed Aizul
 13648 | Snake:1  | HP: 8/172 [naga sharpshooter/arrow (6)]
 13658 | Snake:1  | HP: 2/172 [naga sharpshooter/arrow (11)]
 13659 | Snake:1  | Slain by Aizul

Vault maps used:
D:1:      saegor_arrival_simple_d
D:2:      yredelemnul_altar_generic
D:3:      chequers_temple_overflow_minitemple, first_bread
D:4:      portal_sewer_entry_b, minmay_misc_feat_more_columns, nrook_uturn,
          uniq_duvessa
D:5:      basic_altar
D:6:      nicolae_tso_carved_into_rock, dancing_weapons_uskayaw,
          minmay_temple_entry_overgrown, nicolae_ru_great_annihilating_truth
D:7:      wad_woods_tower, led_sif_pool, basic_altar, uniq_menkaure, uniq_pikel
D:8:      fedhas_altar_1, minmay_the_grid_triangle_9x9_rhombus_thin,
          uniq_maurice, uniq_grum
D:9:      lemuel_doored_altar, cheibriados_altar_1, orc_0_dummy, serial_shops,
          nicolae_shop_waterfront, lightli_minifort, uniq_erolcha
D:10:     erik_lair_island, the_bakery, uniq_urug, uniq_harold
Lair:2:   small_statue_intersection, beast_lair_carwin_4, grunt_megastairs_2,
          lemuel_fruit_tree
Lair:3:   dummy_snake_entry, wad_woods_road_03, kennysheep_snail_temple
Snake:1:  grunt_ministairs_9, nicolae_snake_serpentine_hallways, uniq_aizul
Sewer:    sewer_co_cracked_pipes

Skill      XL: |  1  2  3  4  5  6  7  8  9 10 11 12 |
---------------+-------------------------------------+-----
Maces & Flails | 4 5 6 8 10 13 14 15 | 15.7
Fighting       | 4 5 6 7 9 10 12 13 | 13.6
Armour         | 3 4 6 8 10 11 12 14 | 14.1
Axes           | 1 2 |  2.7
Stealth        | 1 |  1.2
Dodging        | 4 |  4.6
Evocations     | |  0.5

Action                   |  1- 3 |  4- 6 |  7- 9 | 10-12 || total
-------------------------+-------+-------+-------+-------++-------
Melee: Mace              |    68 |    57 |       |       ||   125
       Headbutt          |    10 |    20 |    48 |   112 ||   190
       Hand axe          |       |    91 |     3 |       ||    94
       Dire flail        |       |       |   229 |   483 ||   712
Invok: Burn Spellbooks   |       |       |     1 |     2 ||     3
       Brothers in Arms  |       |       |       |     1 ||     1
Evoke: Wand              |       |       |       |     5 ||     5
  Use: Scroll            |     2 |     3 |     2 |    18 ||    25
       Potion            |       |     2 |     4 |    11 ||    17
 Stab: Paralysed         |       |       |     1 |       ||     1
  Eat: Bread ration      |     1 |       |     3 |     4 ||     8
       Chunk             |       |     2 |     1 |     2 ||     5
       Meat ration       |       |     1 |       |       ||     1
       Fruit             |       |       |       |     1 ||     1
Armor: Animal skin       |    23 |       |       |       ||    23
       Chain mail        |       |    80 |       |    12 ||    92
       Plate armour      |       |       |   133 |   194 ||   327
       Skin              |       |       |       |    15 ||    15
Dodge: Dodged            |    46 |    75 |    96 |   133 ||   350
Block: Other             |       |       |       |    97 ||    97
       Reflection        |       |       |       |     2 ||     2
